 Dungeon Crawl Stone Soup version 0.28.0-43-g3370ac3207 (webtiles) character file.

Game seed: 15195962128256167555

74 Ablot the Grasshopper (level 4, 0/38 HPs)
             Began as a Gnoll Warper on Mar 17, 2022.
             Slain by a gnoll
             ... wielding a +0 spear
              (8 damage)
             ... on level 2 of the Dungeon.
             The game lasted 00:01:41 (2151 turns).

Ablot the Grasshopper (Gnoll Warper)                Turns: 2151, Time: 00:01:42

Health: 0/38       AC:  3    Str: 13    XL:     4   Next: 28%
Magic:  11/11      EV: 12    Int: 12    God:
Gold:   121        SH:  0    Dex: 11    Spells: 11/13 levels left

rFire   . . .      SeeInvis .   a - +0 spear
rCold   + . .      Faith    .   (no shield)
rNeg    . . .      Spirit   .   b - +0 leather armour
rPois   .          Reflect  .   (no helmet)
rElec   .          Harm     .   (no cloak)
rCorr   .          Rampage  .   (no gloves)
Will    .....                   (no boots)
Stlth   +.........              (no amulet)
HPRegen 0.12/turn               l - ring of protection from cold
MPRegen 0.12/turn               (no ring)

@: no status effects
A: fangs 1, strong nose, distributed training
a: no special abilities


You were on level 2 of the Dungeon.
You visited 1 branch of the dungeon, and saw 2 of its levels.

You collected 121 gold pieces.

Inventory:

Hand Weapons
 a - a +0 spear (weapon)
Missiles
 d - 5 boomerangs of dispersal (quivered)
 e - 79 stones
 h - 23 arrows
 i - 3 silver javelins
Armour
 b - a +0 leather armour (worn)
Jewellery
 l - a ring of protection from cold (left hand)
Scrolls
 c - 2 scrolls of blinking
 j - a scroll of acquirement {unknown}
 k - a scroll of identify {unknown}
Potions
 f - a potion of invisibility {unknown}
 g - a potion of heal wounds {unknown}


   Skills:
 + Level 4.6 Fighting
 + Level 1.1 Short Blades
 + Level 1.1 Long Blades
 + Level 1.1 Axes
 + Level 1.1 Maces & Flails
 + Level 4.6 Polearms
 + Level 1.1 Staves
 + Level 1.1 Slings
 + Level 1.1 Bows
 + Level 1.1 Crossbows
 + Level 2.7 Throwing
 + Level 2.7 Armour
 + Level 4.6 Dodging
 + Level 1.1 Stealth
 + Level 1.1 Shields
 + Level 1.1 Unarmed Combat
 + Level 5.0 Spellcasting
 + Level 0.8 Conjurations
 + Level 0.8 Hexes
 + Level 0.8 Summonings
 + Level 0.8 Necromancy
 + Level 5.4 Translocations
 + Level 0.8 Transmutations
 + Level 0.8 Fire Magic
 + Level 0.8 Ice Magic
 + Level 0.8 Air Magic
 + Level 0.8 Earth Magic
 + Level 0.8 Poison Magic
 + Level 1.2 Invocations
 + Level 1.1 Evocations


You had 11 spell levels left.
You knew the following spells:

 Your Spells              Type           Power      Damage    Failure   Level
a - Blink                 Tloc           32%        N/A       4%          2

Your spell library contained the following spells:

 Spells                   Type           Power      Damage    Failure   Level
 Gell's Gravitas          Tloc           16%        N/A       8%          3
 Lesser Beckoning         Tloc           16%        N/A       8%          3
 Teleport Other           Tloc           16%        N/A       8%          3
 Beastly Appendage        Tmut           10%        N/A       19%         1
 Wereblood                Tmut           5%         N/A       26%         2
 Spider Form              Tmut/Pois      5%         N/A       47%         3
 Manifold Assault         Tloc           16%        N/A       58%         5


Dungeon Overview and Level Annotations

Branches:
Dungeon (2/15)

Altars:

Annotations:
D:2 Sigmund


Innate Abilities, Weirdness & Mutations

You have very sharp teeth.
Your uncanny sense of smell can sniff out nearby items.
Your experience applies equally to all skills.


Message History

You reach to attack!
You hit the gnoll but do no damage.
The gnoll is moderately wounded.
The gnoll hits you from afar with a +0 spear.
You reach to attack!
You barely miss the gnoll.
The gnoll is moderately wounded.
The gnoll hits you from afar with a +0 spear.
You reach to attack!
You barely miss the gnoll.
The gnoll is moderately wounded.
The gnoll hits you from afar with a +0 spear.
You are too injured to fight recklessly!
You are too injured to fight recklessly!
You are too injured to fight recklessly!
You are too injured to fight recklessly!
You are too injured to fight recklessly!
You are too injured to fight recklessly!
You are too injured to fight recklessly!
You are too injured to fight recklessly!
You are too injured to fight recklessly!
You are too injured to fight recklessly!
You are too injured to fight recklessly!
You are too injured to fight recklessly!
You are too injured to fight recklessly!
You are too injured to fight recklessly!
You are too injured to fight recklessly!
You are too injured to fight recklessly!
You are too injured to fight recklessly!
Reach: a) +0 spear
Press: ? - help, Dir - move target, f/p - gnoll
Aim: a gnoll, wielding a +0 spear (moderately wounded, about 34% to evade your +0 spear)
You reach to attack!
You closely miss the gnoll.
The gnoll is moderately wounded.
The gnoll hits you from afar with a +0 spear!
* * * LOW HITPOINT WARNING * * *
Reach: a) +0 spear
Press: ? - help, Dir - move target, f/p - gnoll
Aim: a gnoll, wielding a +0 spear (moderately wounded, about 34% to evade your +0 spear)
You reach to attack!
You hit the gnoll.
The gnoll is moderately wounded.
The gnoll hits you from afar with a +0 spear!
You die...

.#.#.##.# #..<.###..
.#....#.# #...÷##
......#.# #.....#
.#......# #.#'### ∆
.#.....## #..†.#
.#.....##+###..#
.#.....#.......#
.#.....#....##(#######+#.
##.#+#.#....##(.@.ggg....
.....#.#....#######g.....
##.###.#....# .....
#.....#....# ....
#######....# ... #....#
.. ###### #


You could see 4 gnolls.

Vanquished Creatures
  Jessica (D:2)
  A gnoll (D:1)
  A worm (D:2)
  A dart slug (D:1)
  5 endoplasms
  A giant cockroach (D:1)
  5 hobgoblins
  3 jackals (D:1)
  2 ball pythons (D:1)
  A bat (D:1)
  3 frilled lizards
  7 kobolds
31 creatures vanquished.

Notes
Turn   | Place    | Note
-------+----------+-------------------------------------------
     0 | D:1      | Ablot the Gnoll Warper began the quest for the Orb.
     0 | D:1      | Reached XP level 1. HP: 20/20 MP: 6/6
   318 | D:1      | Reached XP level 2. HP: 20/26 MP: 7/7
   321 | D:1      | Learned a level 2 spell: Blink
   943 | D:1      | Found a faded altar of an unknown god.
  1023 | D:1      | Reached XP level 3. HP: 31/31 MP: 9/9
  1062 | D:1      | Reached skill level 5 in Spellcasting
  1333 | D:1      | Reached skill level 1 in Invocations
  1613 | D:2      | Noticed Sigmund
  1741 | D:2      | Noticed Jessica
  1758 | D:2      | Killed Jessica
  1759 | D:2      | Reached skill level 1 in Short Blades
  1759 | D:2      | Reached skill level 1 in Long Blades
  1759 | D:2      | Reached skill level 1 in Axes
  1759 | D:2      | Reached skill level 1 in Maces & Flails
  1759 | D:2      | Reached skill level 1 in Staves
  1759 | D:2      | Reached skill level 1 in Slings
  1759 | D:2      | Reached skill level 1 in Bows
  1759 | D:2      | Reached skill level 1 in Crossbows
  1759 | D:2      | Reached skill level 1 in Stealth
  1759 | D:2      | Reached skill level 1 in Shields
  1759 | D:2      | Reached skill level 1 in Unarmed Combat
  1759 | D:2      | Reached skill level 1 in Evocations
  1759 | D:2      | Reached XP level 4. HP: 15/38 MP: 11/11
  2151 | D:2      | Slain by a gnoll

Illustrated notes

Levels and vault maps discovered:
D:1:      shiori_arrival_oz, layout_loops_corners,
          chequers_ecumenical_altar_twisty, minmay_quantized
D:2:      layout_basic, uniq_robin, uniq_jessica, uniq_sigmund

Skill      XL: |  1  2  3 |
---------------+----------+-----
Spellcasting   | 5 |  5.0
Invocations    | 1 |  1.2
Short Blades   | 1 |  1.1
Long Blades    | 1 |  1.1
Axes           | 1 |  1.1
Maces & Flails | 1 |  1.1
Staves         | 1 |  1.1
Slings         | 1 |  1.1
Bows           | 1 |  1.1
Crossbows      | 1 |  1.1
Stealth        | 1 |  1.1
Shields        | 1 |  1.1
Unarmed Combat | 1 |  1.1
Evocations     | 1 |  1.1
Fighting       | |  4.6
Polearms       | |  4.6
Throwing       | |  2.7
Armour         | |  2.7
Dodging        | |  4.6
Conjurations   | |  0.8
Hexes          | |  0.8
Summonings     | |  0.8
Necromancy     | |  0.8
Translocations | |  5.4
Transmutations | |  0.8
Fire Magic     | |  0.8
Ice Magic      | |  0.8
Air Magic      | |  0.8
Earth Magic    | |  0.8
Poison Magic   | |  0.8

Action                   |  1- 3 |  4- 6 || total
-------------------------+-------+-------++-------
Melee: Spear             |   118 |    26 ||   144
       Punch             |     3 |       ||     3
       Bite              |     6 |     6 ||    12
 Stab: Sleeping          |     3 |       ||     3
       Distracted        |     1 |       ||     1
Armor: Leather armour    |    17 |     1 ||    18
Dodge: Dodged            |    45 |     7 ||    52
